AoeStats
← Wastro96

Arena

510612050Analyzed
4v4 RM · 1d ago on Oct 1, 2026· 57m 12s· 8 players
Game mode
Random Map
Map size
Large (8 player)
Population
200
Speed
Normal
Resources
Standard
Victory
Conquest
Starting age
Dark Age
Ending age
Imperial Age
RankedLock teamsTeams togetherTeam positionsShared explorationLock speedFull tech treeHidden civsTurbo modeCheats
Victory
Defeat
🇺🇸 Franks · United States
672
+17
🇷🇺 Mongols · Russia
654
+18
🇹🇷 Turks · Türkiye
654
+18
🇲🇽 Saxons · Mexico
645
+18
🇹🇻 Bohemians · Tuvalu
727
-26
🇩🇪 Persians · Germany
702
-18
🇹🇷 Turks · Türkiye
681
-34
🇯🇵 Danes · Japan
661
-16
pjanic1520
5:41 Loom
12:47 Feudal Age
17:18 Castle Age
17:02 Double-Bit Axe
17:10 Gold Mining
26:07 Wheelbarrow
25:17 Town Watch
28:21 Squires
28:29 Horse Collar
30:16 Bow Saw
30:49 Redemption
32:29 Clerical Recruitment
36:50 Imperial Age
36:44 Fletching
37:04 Forging
38:07 Gold Shaft Mining
38:42 Hand Cart
38:28 Town Patrol
39:10 Elite Hearth Troop
39:11 Shield Wall
39:17 Capped Ram
40:39 Siege Ram
41:36 Arson
48:36 Block Printing
48:47 Sanctity
49:10 Theocracy
49:01 Sanctity
jd.bu.beard
12:11 Feudal Age
17:35 Castle Age
24:41 Scale Barding Armor
24:47 Forging
30:46 Imperial Age
30:53 Cavalier
36:30 Paladin
milton friedman
0:53 Loom
10:41 Feudal Age
11:11 Double-Bit Axe
15:55 Wheelbarrow
16:36 Horse Collar
16:55 Town Watch
19:59 Castle Age
19:08 Gold Mining
19:58 Stone Mining
26:21 Gold Shaft Mining
25:50 Heavy Plow
26:02 Bow Saw
32:23 Hand Cart
31:57 Town Watch
34:48 Caravan
35:19 Coinage
38:32 Imperial Age
40:22 Two-Man Saw
40:08 Padded Archer Armor
39:58 Fletching
40:19 Forging
40:15 Scale Barding Armor
39:37 Elite Janissary
40:38 Conscription
42:30 Leather Archer Armor
42:11 Bodkin Arrow
42:02 Treadmill Crane
44:55 Ring Archer Armor
44:46 Chain Barding Armor
44:27 Bracer
43:55 Cavalier
44:35 Husbandry
47:45 Scale Mail Armor
48:20 Iron Casting
48:21 Plate Barding Armor
dcpromo26
0:38 Loom
11:06 Feudal Age
13:06 Town Watch
14:26 Double-Bit Axe
15:45 Horse Collar
19:59 Castle Age
20:15 Wheelbarrow
19:33 Gold Mining
19:35 Stone Mining
21:18 Heavy Plow
21:39 Bow Saw
26:36 Husbandry
26:48 Bloodlines
27:44 Caravan
29:37 Gold Shaft Mining
29:40 Stone Shaft Mining
29:52 Thumb Ring
33:00 Ballistics
32:36 Murder Holes
32:52 Fortified Wall
36:02 Masonry
39:18 Imperial Age
37:08 Hand Cart
37:28 Fletching
37:44 Scale Barding Armor
37:40 Padded Archer Armor
37:51 Forging
40:24 Conscription
40:26 Drill
39:28 Elite Mangudai
46:58 Bodkin Arrow
47:24 Chain Barding Armor
47:20 Leather Archer Armor
47:41 Iron Casting
48:56 Bracer
53:45 Blast Furnace
Dr Noob Killer 82
17:14 Feudal Age
18:43 Double-Bit Axe
18:50 Stone Mining
18:51 Gold Mining
18:44 Horse Collar
22:02 Castle Age
21:06 Arson
24:02 Husbandry
31:44 Imperial Age
31:04 Gold Shaft Mining
31:06 Stone Shaft Mining
30:43 Bow Saw
30:35 Heavy Plow
31:31 Caravan
32:05 Elite War Elephant
33:04 Kamandaran
34:46 Squires
34:07 Pikeman
35:19 Thumb Ring
34:44 Crossbowman
36:42 Halberdier
42:34 Two-Man Saw
42:13 Crop Rotation
43:05 Chemistry
42:17 Heavy Scorpion
thaskyn
5:07 Loom
10:21 Feudal Age
11:29 Double-Bit Axe
22:15 Castle Age
22:07 Fletching
30:57 Wheelbarrow
31:49 Forging
teban0721
10:23 Feudal Age
11:34 Double-Bit Axe
14:16 Castle Age
12:10 Horse Collar
15:50 Bow Saw
17:12 Town Watch
22:24 Wheelbarrow
21:36 Loom
22:19 Gold Mining
24:49 Hand Cart
27:41 Imperial Age
26:09 Fletching
26:44 Padded Archer Armor
27:33 Heavy Plow
27:44 Bodkin Arrow
29:30 Chemistry
28:35 Bracer
28:39 Town Patrol
29:16 Gold Shaft Mining
28:34 Stone Mining
28:57 Onager
30:16 Conscription
32:16 Padded Archer Armor
33:30 Leather Archer Armor
33:30 Heavy Scorpion
33:32 Pikeman
35:14 Block Printing
34:52 Siege Onager
35:55 Ballistics
35:48 Forging
35:39 Scale Mail Armor
35:40 Halberdier
36:48 Bloodlines
36:39 Husbandry
37:11 Squires
36:57 Gambesons
37:30 Chain Mail Armor
36:45 Northmen's Fury
38:54 Capped Ram
39:01 Elite Jomsviking
39:21 Elite Skirmisher
39:22 Crossbowman
40:07 Thumb Ring
39:54 Elite Varangian Guard
41:34 Siege Engineers
41:47 Light Cavalry
43:01 Plate Mail Armor
43:02 Ring Archer Armor
42:39 Scale Barding Armor
43:24 Arson
Wastro96
9:45 Feudal Age
18:11 Horse Collar
18:18 Double-Bit Axe
24:09 Castle Age
37:18 Heavy Plow
37:56 Wheelbarrow
40:12 Bow Saw
42:57 Imperial Age
Connection lost

Rejoining the realm…

Still unreachable

The connection could not be restored.

Session expired

The server has moved on; the page needs a fresh start.